 Dungeon Crawl Stone Soup version 0.23.2-33-g5129a83184 (webtiles) character file.

Game seed: 2865649050271538141

8720 Atelerd the Thaumaturge (level 11, -1/67 HPs)
             Began as an Octopode Conjurer on July 11, 2019.
             Was an Elder of Vehumet.
             Slain by a seven-headed hydra (10 damage)
             ... on level 10 of the Dungeon.
             The game lasted 00:27:48 (13502 turns).

Atelerd the Thaumaturge (Octopode Conjurer)        Turns: 13502, Time: 00:27:48

Health: -1/67      AC:  1    Str:  7    XL:     11   Next: 35%
Magic:  13/27      EV: 15    Int: 20    God:    Vehumet [****..]
Gold:   565        SH:  0    Dex: 14    Spells: 15/34 levels left

rFire    . . .     SeeInvis .   E - +2 spear (venom)
rCold    . . .     Gourm    .   (no shield)
rNeg     . . .     Faith    .   F - +0 hat
rPois    +         Spirit   .   d - amulet of the acrobat
rElec    .         Reflect  .   n - ring of poison resistance
rCorr    .         Harm     .   (no ring)
MR       .....                  (no ring)
Stlth    +++.......             (no ring)
HPRegen  0.21/turn              (no ring)
MPRegen  0.20/turn              (no ring)
                                (no ring)
                                (no ring)

@: lightly drained, invisible
A: almost no armour, stealthy swim, amphibious, 8 rings, constrict 8, camouflage
1, gelatinous body 1
a: Renounce Religion


You were on level 10 of the Dungeon.
You worshipped Vehumet.
Vehumet was greatly pleased with you.
You were hungry.

You visited 1 branch of the dungeon, and saw 10 of its levels.

You collected 565 gold pieces.

Inventory:

Hand Weapons
 w - a +1 spear of freezing
 E - a +2 spear of venom (weapon)
 K - a +2 short sword of protection
Missiles
 q - 5 silver tomahawks (quivered)
Armour
 F - a +0 hat (worn)
Jewellery
 d - an amulet of the acrobat (around mantle)
 e - an uncursed amulet of guardian spirit
 n - a ring of poison resistance (left tentacle)
 o - an uncursed amulet of rage
Wands
 r - a wand of random effects (14)
 t - a wand of flame (48)
 v - a wand of polymorph (8)
 A - a wand of digging (7)
Scrolls
 c - 10 scrolls of remove curse
 f - 4 scrolls of fear
 g - 4 scrolls of immolation {unknown}
 i - 5 scrolls of enchant armour
 j - 2 scrolls of amnesia
 p - a scroll of silence
 y - 2 scrolls of magic mapping
 B - 5 scrolls of teleportation {unknown}
 D - a scroll of fog {unknown}
 H - a scroll of enchant weapon {unknown}
 I - a scroll of blinking
 J - a scroll of acquirement {unknown}
Potions
 k - 4 potions of flight
 l - a potion of haste {unknown}
 m - a potion of magic {unknown}
 s - 3 potions of curing {unknown}
 u - a potion of cancellation
 x - 2 potions of berserk rage {unknown}
 z - a potion of heal wounds {unknown}
 C - 2 potions of lignification {unknown}
 G - 2 potions of ambrosia {unknown}
Comestibles
 b - 20 rations


   Skills:
 - Level 3.3(2.7) Fighting
 - Level 5.0(4.4) Dodging
 - Level 2.6(2.1) Stealth
 * Level 12.1(11.4) Spellcasting
 + Level 10.3(9.7) Conjurations


You had 15 spell levels left.
You knew the following spells:

 Your Spells              Type           Power        Failure   Level  Hunger
a - Magic Dart            Conj           ####         1%          1    None
b - Iskenderun's Mystic   Conj           ######..     1%          4    ##.....
c - Force Lance           Conj/Tloc      ####....     2%          4    ##.....
d - Searing Ray           Conj           ######       1%          2    None
e - Sting                 Conj/Pois      ####         1%          1    None
f - Ignite Poison         Fire/Tmut/Pois ##......     5%          3    None
g - Airstrike             Air            ##........   16%         4    ##.....

Your spell library contained the following spells:

 Spells                   Type           Power        Failure   Level  Hunger
 Dazzling Spray           Conj/Hex       ####..       1%          3    None
 Fulminant Prism          Conj/Hex       ####......   2%          4    ##.....


Dungeon Overview and Level Annotations

Branches:
Dungeon (10/15)            Temple (0/1) D:4            Lair (0/6) D:8
    Orc (0/2) D:9

Altars:
Ashenzari
Cheibriados
Fedhas
Gozag
Kikubaaqudgha
Nemelex Xobeh
Qazlal
Ru
Trog
Uskayaw
Vehumet
Yredelemnul
The Shining One
Beogh

Shops:
D:8 [

Annotations:
D:6 exclusion: downstairs
D:10 Josephine


Innate Abilities, Weirdness & Mutations

You cannot wear most types of armour.
You are very stealthy in the water. (Stealth+)
You are amphibious.
You can wear up to eight rings at the same time.
You can use your tentacles to constrict eight enemies at once.
Your skin changes colour to match your surroundings (Stealth+).
Your rubbery body absorbs attacks. (AC +1, EV +1)


Message History

You see here a yak corpse.
A basilisk comes into view.
Found a ration.
You are feeling hungry.
Found a stone staircase leading down.
Josephine the Decaying Necromancer comes into view.
She is wielding the +7 flail of Dismay {freeze, rElec rF- Int+5} and wearing a +1 robe of fire resistance.
Josephine shouts!
Okay, then.
You fade into invisibility!
A wraith comes into view.
Josephine gestures at you while chanting.
The ghostly flame explodes!
The ghostly fireball engulfs you!!
You feel drained.
* * * LOW HITPOINT WARNING * * *
The ghostly fireball engulfs the seven-headed hydra!!
The seven-headed hydra is drained!
The seven-headed hydra bites you!
* * * LOW HITPOINT WARNING * * *
The seven-headed hydra barely misses you. x2
The seven-headed hydra bites you!
You die...

### ' ##. .>.W #
#. #.. ##@... #
#.. ##.# #.....#
# #..# #..#
....# #
##$.####..###..#
#
#.........#D@.#
#
#.#.......Y.###
#
####.#.......###
# .....#.<...###
# ##....### # .
#...###.# #
%.....#†'..# #
......#Y#### #
..........### #


You could see a seven-headed hydra, Josephine, a yak and a wraith (wandering).

Vanquished Creatures
  2 two-headed ogres
  An ugly thing (D:10)
  Joseph (D:7)
  2 hippogriffs (D:10)
  2 hungry ghosts
  A wyvern (D:8)
  7 yaks
  Menkaure (D:7)
  A water moccasin (D:9)
  5 orc warriors
  3 ice beasts
  5 ogres
  4 sky beasts
  5 centaurs
  A big kobold (D:8)
  5 bullfrogs
  2 gnoll sergeants
  8 scorpions
  8 killer bees
  7 wights
  4 howler monkeys
  2 crimson imps
  A bullfrog zombie (D:5)
  A quasit (D:8)
  5 orc priests
  3 hounds
  A bullfrog skeleton (D:6)
  3 orc wizards
  A gnoll shaman (D:7)
  An iguana (D:6)
  8 worker ants
  A hound zombie (D:10)
  11 gnolls
  9 adders
  2 shadow imps
  2 oozes
  An adder zombie (D:7)
  2 adder skeletons (D:6)
  3 worms
  A dart slug (D:3)
  3 leopard geckos
  44 orcs
  6 bats
  4 giant cockroaches
  7 goblins
  14 hobgoblins
  8 jackals
  11 kobolds
  6 quokkas
  A ball python (D:5)
  5 frilled lizards
  A leopard gecko skeleton (D:8)
  9 rats
  A spectral orc (D:6)
253 creatures vanquished.

Notes
Turn   | Place    | Note
-------+----------+-------------------------------------------
     0 | D:1      | Atelerd the Octopode Conjurer began the quest for the Orb.
     0 | D:1      | Reached XP level 1. HP: 11/11 MP: 3/3
   238 | D:1      | Reached XP level 2. HP: 14/17 MP: 5/5
   541 | D:2      | Reached XP level 3. HP: 21/21 MP: 7/7
   544 | D:2      | Found an ancient bone altar of Kikubaaqudgha.
   546 | D:2      | Found a blossoming altar of Fedhas.
   599 | D:2      | Found a sparkling altar of Nemelex Xobeh.
   926 | D:2      | Reached skill level 3 in Spellcasting
  1035 | D:2      | Found an opulent altar of Gozag.
  1534 | D:2      | Reached XP level 4. HP: 23/27 MP: 8/8
  1716 | D:2      | Found a stormy altar of Qazlal.
  1875 | D:2      | Learned a level 4 spell: Iskenderun's Mystic Blast
  1880 | D:2      | Learned a level 4 spell: Force Lance
  2690 | D:3      | Reached skill level 5 in Conjurations
  2690 | D:3      | Reached XP level 5. HP: 10/31 MP: 0/10
  2968 | D:3      | Learned a level 2 spell: Searing Ray
  2997 | D:3      | Reached skill level 4 in Spellcasting
  3213 | D:3      | Found a snail-covered altar of Cheibriados.
  3673 | D:3      | Found a glowing golden altar of the Shining One.
  3763 | D:3      | Found a radiant altar of Vehumet.
  3781 | D:3      | Became a worshipper of Vehumet
  4090 | D:4      | Reached XP level 6. HP: 36/36 MP: 7/12
  4205 | D:4      | Found a hide-covered altar of Uskayaw.
  4249 | D:4      | Found a staircase to the Ecumenical Temple.
  4483 | D:5      | Entered Level 5 of the Dungeon
  4489 | D:5      | Reached skill level 5 in Spellcasting
  4777 | D:5      | Found a sacrificial altar of Ru.
  4797 | D:5      | Found a bloodstained altar of Trog.
  4804 | D:5      | Reached XP level 7. HP: 31/41 MP: 10/15
  5059 | D:5      | Reached skill level 6 in Spellcasting
  5843 | D:6      | Found Epnuteso's Book Boutique.
  5865 | D:6      | Reached XP level 8. HP: 45/46 MP: 16/18
  5912 | D:6      | Reached * piety under Vehumet
  5912 | D:6      | Offered knowledge of Sting by Vehumet.
  5993 | D:6      | Learned a level 1 spell: Sting
  6244 | D:6      | Reached skill level 7 in Spellcasting
  6380 | D:6      | Found a basalt altar of Yredelemnul.
  6691 | D:6      | Found a shattered altar of Ashenzari.
  7043 | D:7      | Reached skill level 8 in Spellcasting
  7201 | D:7      | Noticed Menkaure
  7214 | D:7      | Killed Menkaure
  7556 | D:7      | Noticed Joseph
  8326 | D:7      | Killed Joseph
  8326 | D:7      | Reached XP level 9. HP: 14/51 MP: 0/21
  8604 | D:7      | Reached skill level 9 in Spellcasting
  8694 | D:7      | Reached skill level 1 in Fighting
  9053 | D:7      | Reached ** piety under Vehumet
  9126 | D:7      | Noticed a two-headed ogre
  9286 | D:7      | Killed a two-headed ogre
  9286 | D:7      | Reached skill level 10 in Spellcasting
  9286 | D:7      | Reached XP level 10. HP: 63/63 MP: 11/24
  9526 | D:7      | Offered knowledge of Throw Frost by Vehumet.
 10292 | D:8      | Found Huwkepsa's Antique Armour Shop.
 10298 | D:8      | Offered knowledge of Ignite Poison by Vehumet.
 10309 | D:8      | Reached skill level 5 in Dodging
 10527 | D:8      | Found a staircase to the Lair.
 11074 | D:9      | Reached *** piety under Vehumet
 11081 | D:9      | Reached skill level 11 in Spellcasting
 11222 | D:9      | Found a staircase to the Orcish Mines.
 11223 | D:9      | Found a roughly hewn altar of Beogh.
 11351 | D:9      | Learned a level 3 spell: Ignite Poison
 11384 | D:9      | Found a sparkling altar of Nemelex Xobeh.
 11407 | D:9      | Offered knowledge of Airstrike by Vehumet.
 11434 | D:9      | HP: 3/63 [ogre/+0 giant club (16)]
 12196 | D:9      | Reached XP level 11. HP: 67/67 MP: 21/26
 12432 | D:9      | Learned a level 4 spell: Airstrike
 12478 | D:9      | Noticed a two-headed ogre
 12896 | D:9      | Killed a two-headed ogre
 12896 | D:9      | Reached skill level 10 in Conjurations
 13006 | D:10     | Entered Level 10 of the Dungeon
 13135 | D:10     | Reached **** piety under Vehumet
 13355 | D:10     | Noticed a white ugly thing
 13363 | D:10     | Killed a white ugly thing
 13363 | D:10     | Reached skill level 12 in Spellcasting
 13428 | D:10     | Noticed a seven-headed hydra
 13500 | D:10     | Identified the +7 flail of Dismay {freeze, rElec rF- Int+5}
 13500 | D:10     | Noticed Josephine
 13502 | D:10     | Slain by a seven-headed hydra

Skill      XL: |  1  2  3  4  5  6  7  8  9 10 11 |
---------------+----------------------------------+-----
Spellcasting   | 3 4 5 6 8 10 11 12 | 12.1
Conjurations   | 5 6 7 8 9 10 | 10.3
Fighting       | 3 |  3.3
Dodging        | 4 5 |  5.0
Stealth        | |  2.6

Action                   |  1- 3 |  4- 6 |  7- 9 | 10-12 || total
-------------------------+-------+-------+-------+-------++-------
Melee: Spear             |   114 |    73 |    95 |    92 ||   374
       Constrict         |    25 |    19 |    19 |    25 ||    88
       Tentacles         |    12 |    12 |    10 |    17 ||    51
 Cast: Magic Dart        |    13 |    37 |    13 |     7 ||    70
       Iskenderun's Myst |       |     3 |    11 |    26 ||    40
       Searing Ray       |       |    12 |    44 |    44 ||   100
       Force Lance       |       |       |       |    26 ||    26
  Use: Scroll            |       |     6 |     3 |     5 ||    14
       Potion            |       |       |       |     1 ||     1
 Stab: Sleeping          |    11 |     8 |     6 |     7 ||    32
       Distracted        |       |     2 |       |     1 ||     3
  Eat: Chunk             |     2 |     7 |     9 |     7 ||    25
       Ration            |       |     1 |     2 |     2 ||     5
Armor: Skin              |     7 |     2 |     4 |     3 ||    16
Dodge: Dodged            |    72 |    41 |   133 |   171 ||   417
